 Dungeon Crawl Stone Soup version 0.31-a0-543-geaa9c7a2c0 (webtiles) character file.

Game seed: 7598701204106180854

112 JackS81 the Ruffian (level 4, -5/57 HPs)
             Began as a Naga Shapeshifter on Aug 15, 2023.
             Slain by a gnoll sergeant
             ... wielding a +3 trident of freezing
              (7 damage)
             ... on level 3 of the Dungeon.
             The game lasted 00:06:18 (2082 turns).

JackS81 the Ruffian (Naga Shapeshifter)             Turns: 2082, Time: 00:06:18

Health: -5/57      AC: 22    Str: 18    XL:     4   Next: 93%
Magic:  4/4        EV:  1    Int: 10    God:
Gold:   242        SH:  0    Dex: 11    Spells: 3/3 levels left

rFire   . .          .
                       - Unarmed
rCold   . . .        (no shield)
rNeg    . . .        a - melded +0 animal skin
rPois   +            (helmet currently unavailable)
rElec   .            (cloak currently unavailable)
rCorr   .            (gloves currently unavailable)
SInv    +            (no barding)
Will    .....        (no amulet)
Stlth   +            (no ring)
HPRegen 0.29/turn    (no ring)
MPRegen 0.09/turn

%: no passive effects
@: tree-form
A: stationary, stasis, torment immunity, boosted hp, AC +1, large, see
invisible, (deformed body), (poison resistance), (slowness 2), spit poison 1,
(naga tail 1)
a: Spit Poison


You were on level 3 of the Dungeon.
You were a tree.
You visited 1 branch of the dungeon, and saw 3 of its levels.

You collected 242 gold pieces.

Inventory:

Hand Weapons
 u - the +5 woodcutter's axe
   (You took it off a gnoll on level 3 of the Dungeon)
Missiles
 b - 6 javelins
 e - 16 stones
 j - 3 poisoned darts (quivered)
Armour
 a - a +0 animal skin (melded)
Jewellery
 s - a +6 ring of intelligence
Talismans
 c - a beast talisman
 d - a flux talisman
 f - a beast talisman
Scrolls
 l - 2 scrolls of enchant weapon {unknown}
 o - a scroll of amnesia {unknown}
 r - a scroll of poison {unknown}
 t - a scroll of identify {unknown}
Potions
 g - a potion of haste {unknown}
 h - a potion of mutation {unknown}
 i - a potion of attraction {unknown}
 m - a potion of degeneration {unknown}
 n - 3 potions of curing {unknown}
 p - a potion of resistance {unknown}


   Skills:
 * Level 1.5 Fighting
 - Level 1.5 Dodging
 * Level 4.3 Unarmed Combat
 * Level 3.9 Shapeshifting


You had 3 spell levels left.
You didn't know any spells.
Your spell library contained the following spells:

 Spells                   Type           Power      Damage    Failure   Level
 Ensorcelled Hibernation  Hex/Ice        0%         N/A       50%         2
 Passwall                 Tmut/Erth      0%         N/A       50%         2
 Ozocubu's Armour         Ice            0%         N/A       75%         3
 Swiftness                Air            0%         N/A       75%         3
 Ozocubu's Refrigeration  Ice            0%         4d7       100%        7


Dungeon Overview and Level Annotations

Branches:
Dungeon (3/15)

Altars:
Dithmenos
Yredelemnul

Annotations:
D:3 1 runed translucent door


Innate Abilities, Weirdness & Mutations

You are a tree.
Your roots penetrate the ground, keeping you stationary.
You cannot be teleported.
You are immune to unholy pain and torment.
Your maximum health is greatly increased.
Your equipment is partially melded.
((Your serpentine skin is tough. (AC +1)))
You have supernaturally acute eyesight. (SInv)
((Armour fits poorly on your strangely shaped body.))
((Your system is resistant to poisons. (rPois)))
((You cover ground very slowly.))
You can spit poison.
((You have a snake-like lower body.))


Message History

You closely miss the gnoll. Your punch misses the gnoll.
You have got your breath back.
The gnoll hits you but does no damage.
The gnoll sergeant hits you but does no damage.
You closely miss the gnoll.
The gnoll sergeant hits you from afar with a +3 trident of freezing.
* * * LOW HITPOINT WARNING * * *
The gnoll sergeant freezes you.
* * * LOW HITPOINT WARNING * * *
You barely miss the gnoll. The gnoll hits you but does no damage.
The gnoll sergeant hits you but does no damage.
You smack the gnoll!
The gnoll is almost dead.
The gnoll hits you with a +0 hand axe.
* * * LOW HITPOINT WARNING * * *
The gnoll sergeant hits you but does no damage.
You hit the gnoll.
You kill the gnoll!
The gnoll sergeant hits you but does no damage.
Throw: 6 darts (poison)
Press: ? - help, Q - select action, (/) - cycle Shift-Dir - straight line, f/p - gnoll sergeant
Aim: a gnoll sergeant, wielding a +3 trident of freezing and wearing a +0 scale mail (lightly wounded, 59% to hit)
You throw a poisoned dart.
The poisoned dart hits the gnoll sergeant.
The gnoll sergeant is poisoned.
The gnoll sergeant is lightly wounded.
The gnoll sergeant hits you but does no damage.
Throw: 5 darts (poison)
Press: ? - help, Q - select action, (/) - cycle Shift-Dir - straight line, f/p - gnoll sergeant
Aim: a gnoll sergeant, wielding a +3 trident of freezing and wearing a +0 scale mail (lightly wounded, poisoned, 59% to hit)
You throw a poisoned dart.
The poisoned dart barely misses the gnoll sergeant.
The gnoll sergeant hits you but does no damage.
Throw: 4 darts (poison)
Press: ? - help, Q - select action, (/) - cycle Shift-Dir - straight line, f/p - gnoll sergeant
Aim: a gnoll sergeant, wielding a +3 trident of freezing and wearing a +0 scale mail (lightly wounded, poisoned, 59% to hit)
You throw a poisoned dart.
The poisoned dart barely misses the gnoll sergeant.
The gnoll sergeant hits you from afar with a +3 trident of freezing!
You die...

♣. ..(. .♣
♣.###'###.♣
)........
....♣..
♣.♣..)♣
♣..g..♣
♣...♣ ♣)♣)♣
♣♣.♣♣ ♣.♣
########
#.#
.......#
##.#
†......#
#..#
.......#
#)##
.......#
##.#
.......#
##..#


You could see a gnoll sergeant (poisoned).

Vanquished Creatures
  5 gnolls
  An adder (D:2)
  3 worms
  An orc (D:3)
  4 ball pythons
  6 endoplasms
  3 goblins
  7 hobgoblins
  2 quokkas (D:1)
  3 bats
  7 frilled lizards
  A goblin skeleton (D:3)
  3 kobolds
46 creatures vanquished.

Notes
Turn   | Place    | Note
-------+----------+-------------------------------------------
     0 | D:1      | JackS81 the Naga Shapeshifter began the quest for the Orb.
     0 | D:1      | Reached XP level 1. HP: 18/18 MP: 1/1
   168 | D:1      | Reached XP level 2. HP: 22/25 MP: 2/2
   352 | D:1      | Reached XP level 3. HP: 28/31 MP: 3/3
  1353 | D:2      | Found a shadowy altar of Dithmenos.
  1511 | D:3      | Found a runed translucent door.
  1511 | D:3      | Noticed a human
  1516 | D:3      | Found a basalt altar of Yredelemnul.
  1526 | D:3      | Reached XP level 4. HP: 38/38 MP: 4/4
  1886 | D:3      | Reached skill level 4 in Unarmed Combat
  2068 | D:3      | Noticed a gnoll sergeant
  2078 | D:3      | HP: 1/57 [gnoll/+0 hand axe (5)]
  2082 | D:3      | Slain by a gnoll sergeant

Illustrated notes

Levels and vault maps discovered:
D:1:      psy_arrival_dodecagon, layout_rooms, serial_bayou_ford_a,
          wander_ebering_terrifying_dragon_lair
D:2:      layout_basic, serial_forest, infiniplex_forest_clump_tiny,
          infiniplex_forest_lined_2, infiniplex_forest_straight_3,
          infiniplex_forest_lined_3, infiniplex_forest_straight_2,
          infiniplex_forest_end_2, infiniplex_forest_clump_tiny,
          infiniplex_forest_lined_3, infiniplex_forest_lined_room_2, basic_altar
D:3:      layout_rooms, dk_yredelemnul_ordeal, pf_guarded_unrand_woodcutter

Skill      XL: |  1  2  3  4 |
---------------+-------------+-----
Unarmed Combat | 4 |  4.3
Fighting       | |  1.5
Dodging        | |  1.5
Shapeshifting  | |  3.9

Action                     |  1- 3 |  4- 6 || total
---------------------------+-------+-------++-------
  Melee: Unarmed           |    97 |    52 ||   149
         Punch             |     4 |     1 ||     5
  Throw: Dart              |       |     4 ||     4
         Throwing net      |       |     1 ||     1
Ability: Spit Poison       |     1 |     1 ||     2
    Use: Potion            |     1 |     1 ||     2
   Stab: Sleeping          |     1 |       ||     1
 Armour: Animal skin       |    10 |     4 ||    14
         Skin              |    16 |    10 ||    26
  Dodge: Dodged            |    32 |    20 ||    52

Table legend: (Time is in decaauts)
 A = Elapsed time spent in this place.
 B = Non-inter-level travel time spent in this place.
 C = Inter-level travel time spent in this place.
 D = Time resting spent in this place.
 E = Time spent auto-exploring this place.
 F = Levels seen in this place.
 G = Mean time per level.
                   A        B        C        D        E       F      G
               +--------+--------+--------+--------+--------+-----+--------+
         Total |   2584 |   2519 |     65 |    122 |   1881 |   3 |  861.3 |
       Dungeon |   2584 |   2519 |     65 |    122 |   1881 |   3 |  861.3 |
               +--------+--------+--------+--------+--------+-----+--------+

Top non-repeatable levels by time:
     D:2: 1021 daAuts
     D:1: 853 daAuts
     D:3: 710 daAuts
